[ AOE2 MATCH · #477581496 ]
UnrankedPersians vs Khmer
[ REPLAY ANALYSIS · EXTRACTED FROM THE RECORDED GAME ]
Feudal
11:35
Castle
22:40
Imperial
—
| APM avg | 12.1 |
| APM peak | 33 |
| eAPM avg | 9.0 |
| Villagers / military | 106 / 32 |
Focus
⚔️ 18.2% · 🌾 81.8%
War Elephant ×28 · Fishing Ship ×10 · Fire Galley ×2 · Demolition Raft ×2
Feudal
14:10
Castle
33:17
Imperial
—
| APM avg | 14.2 |
| APM peak | 37 |
| eAPM avg | 8.5 |
| Villagers / military | 53 / 49 |
Focus
⚔️ 39.8% · 🌾 60.2%
Battle Elephant ×23 · Fire Galley ×17 · Unknown (2626) ×8 · Fishing Ship ×6 · Cavalry Archer ×4 · Demolition Raft ×3
Feudal
16:09
Castle
20:57
Imperial
28:53
| APM avg | 14.3 |
| APM peak | 28 |
| eAPM avg | 7.6 |
| Villagers / military | 78 / 23 |
Focus
⚔️ 16.2% · 🌾 83.8%
Unknown (2626) ×25 · Fishing Ship ×19 · Unknown (1795) ×15 · Tarkan ×12 · Fire Galley ×10 · Transport Ship ×1
Feudal
17:58
Castle
32:34
Imperial
—
| APM avg | 5.4 |
| APM peak | 19 |
| eAPM avg | 4.7 |
| Villagers / military | 38 / 20 |
Focus
⚔️ 19.9% · 🌾 80.1%
Demolition Raft ×16 · Galley ×4 · Fishing Ship ×4
Match map
Initial resources + every placement click. Lines = walls · curves = elevation contours. ◆ gold · ⬟ stone · ● berries · ✦ relic · ◌ wall gap
Your base· ✓ Map-separated
jhereira35's base· ✓ Map-separated
mehmet.eroztoprak's base· ✓ Map-separated
alihereira1995's base· ✓ Map-separated
Smoothed initial terrain · ◌ = detected wall gap · hover for details
Inputs per minute
— abiisalazar - - jhereira35
Build order — abiisalazar
First 150 of 239 actions detected
| 0:05 | Create | Villager (Male) |
| 0:05 | Create | Villager (Male) |
| 0:06 | Create | Villager (Male) |
| 0:06 | Create | Villager (Male) |
| 0:07 | Create | Villager (Male) |
| 0:30 | Research | Loom |
| 0:31 | Create | Villager (Male) |
| 0:32 | Create | Villager (Male) |
| 0:32 | Create | Villager (Male) |
| 0:32 | Create | Villager (Male) |
| 1:14 | Build | House |
| 2:44 | Create | Villager (Male) |
| 2:44 | Create | Villager (Male) |
| 2:44 | Create | Villager (Male) |
| 3:05 | Build | Dock |
| 3:32 | Create | Villager (Male) |
| 4:03 | Create | Fishing Ship |
| 4:04 | Create | Fishing Ship |
| 4:04 | Create | Fishing Ship |
| 4:20 | Build | House |
| 5:33 | Build | House |
| 5:41 | Create | Villager (Male) |
| 5:42 | Create | Villager (Male) |
| 5:42 | Create | Villager (Male) |
| 5:42 | Create | Villager (Male) |
| 5:55 | Build | Mill |
| 6:44 | Create | Villager (Male) |
| 6:44 | Create | Villager (Male) |
| 6:55 | Create | Fishing Ship |
| 8:01 | Build | Lumber Camp |
| 9:10 | Build | Mill |
| 9:31 | Research | Feudal Age |
| 9:43 | Create | Villager (Male) |
| 9:44 | Create | Villager (Male) |
| 9:44 | Create | Villager (Male) |
| 10:30 | Create | Fishing Ship |
| 10:37 | Create | Fishing Ship |
| 11:30 | Build | House |
| 11:32 | Build | House |
| 11:35 | Age | Feudal Age |
| 11:36 | Build | House |
| 12:08 | Create | Fire Galley |
| 12:08 | Create | Fire Galley |
| 12:18 | Create | Villager (Male) |
| 12:18 | Create | Villager (Male) |
| 12:18 | Create | Villager (Male) |
| 12:19 | Create | Villager (Male) |
| 12:19 | Create | Villager (Male) |
| 12:19 | Create | Villager (Male) |
| 12:20 | Create | Villager (Male) |
| 12:20 | Create | Villager (Male) |
| 12:20 | Create | Villager (Male) |
| 12:21 | Create | Villager (Male) |
| 12:21 | Create | Villager (Male) |
| 12:21 | Create | Villager (Male) |
| 12:22 | Create | Villager (Male) |
| 12:40 | Build | Outpost |
| 13:04 | Build | Mining Camp |
| 13:49 | Build | Lumber Camp |
| 14:12 | Create | Villager (Male) |
| 14:13 | Create | Villager (Male) |
| 15:23 | Research | Tech 906 |
| 15:34 | Build | Dock |
| 15:47 | Create | Villager (Male) |
| 15:48 | Create | Villager (Male) |
| 15:48 | Create | Villager (Male) |
| 15:51 | Research | Horse Collar |
| 15:53 | Research | Double-Bit Axe |
| 16:02 | Research | Gold Mining |
| 16:27 | Build | Dock |
| 16:30 | Create | Demolition Raft |
| 16:36 | Create | Fishing Ship |
| 16:52 | Build | Outpost |
| 17:38 | Build | Outpost |
| 17:49 | Build | House |
| 17:50 | Build | House |
| 17:52 | Build | House |
| 17:53 | Build | House |
| 17:58 | Build | House |
| 18:12 | Create | Villager (Male) |
| 18:28 | Build | Market |
| 18:33 | Build | Blacksmith |
| 19:21 | Create | Demolition Raft |
| 19:26 | Create | Fishing Ship |
| 19:55 | Build | Farm |
| 19:56 | Build | Farm |
| 19:58 | Build | Farm |
| 19:59 | Build | Farm |
| 20:07 | Research | Castle Age |
| 20:31 | Build | Farm |
| 20:36 | Build | Farm |
| 20:42 | Build | Farm |
| 20:56 | Build | Farm |
| 20:58 | Build | Farm |
| 21:00 | Build | Farm |
| 21:52 | Build | Farm |
| 21:59 | Create | Villager (Male) |
| 21:59 | Create | Villager (Male) |
| 21:59 | Create | Villager (Male) |
| 21:59 | Create | Villager (Male) |
| 22:00 | Create | Villager (Male) |
| 22:00 | Create | Villager (Male) |
| 22:00 | Create | Villager (Male) |
| 22:01 | Create | Villager (Male) |
| 22:01 | Create | Villager (Male) |
| 22:01 | Create | Villager (Male) |
| 22:01 | Create | Villager (Male) |
| 22:02 | Create | Villager (Male) |
| 22:20 | Create | Fishing Ship |
| 22:20 | Create | Fishing Ship |
| 22:40 | Age | Castle Age |
| 23:37 | Research | Gillnets |
| 24:28 | Build | Outpost |
| 24:37 | Build | House |
| 24:39 | Build | House |
| 24:41 | Build | House |
| 24:44 | Build | House |
| 25:23 | Build | Outpost |
| 25:33 | Build | Town Center |
| 26:44 | Build | Town Center |
| 26:53 | Create | Villager (Male) |
| 26:54 | Create | Villager (Male) |
| 26:54 | Create | Villager (Male) |
| 26:54 | Create | Villager (Male) |
| 26:54 | Create | Villager (Male) |
| 26:55 | Create | Villager (Male) |
| 27:08 | Build | Town Center |
| 27:23 | Create | Villager (Male) |
| 27:24 | Create | Villager (Male) |
| 27:24 | Create | Villager (Male) |
| 27:24 | Create | Villager (Male) |
| 27:25 | Create | Villager (Male) |
| 27:25 | Create | Villager (Male) |
| 27:25 | Create | Villager (Male) |
| 27:26 | Create | Villager (Male) |
| 27:26 | Create | Villager (Male) |
| 27:26 | Create | Villager (Male) |
| 27:27 | Create | Villager (Male) |
| 27:27 | Create | Villager (Male) |
| 27:27 | Create | Villager (Male) |
| 27:28 | Create | Villager (Male) |
| 27:28 | Create | Villager (Male) |
| 29:07 | Build | Town Center |
| 29:56 | Build | Castle |
| 30:04 | Create | Villager (Male) |
| 30:05 | Create | Villager (Male) |
| 30:05 | Create | Villager (Male) |
| 30:06 | Create | Villager (Male) |
| 30:06 | Create | Villager (Male) |
| 30:10 | Create | Villager (Male) |
Build order — jhereira35
First 150 of 188 actions detected
| 0:09 | Create | Villager (Male) |
| 0:10 | Create | Villager (Male) |
| 0:10 | Create | Villager (Male) |
| 0:10 | Create | Villager (Male) |
| 0:10 | Create | Villager (Male) |
| 0:32 | Build | House |
| 1:18 | Build | Mill |
| 1:51 | Create | Villager (Male) |
| 2:15 | Create | Villager (Male) |
| 2:15 | Create | Villager (Male) |
| 2:59 | Create | Villager (Male) |
| 2:59 | Create | Villager (Male) |
| 3:38 | Build | House |
| 4:20 | Build | Lumber Camp |
| 4:32 | Create | Villager (Male) |
| 4:33 | Create | Villager (Male) |
| 4:33 | Create | Villager (Male) |
| 4:33 | Create | Villager (Male) |
| 4:33 | Create | Villager (Male) |
| 4:34 | Create | Villager (Male) |
| 5:15 | Create | Villager (Male) |
| 5:15 | Create | Villager (Male) |
| 6:14 | Create | Villager (Male) |
| 6:14 | Create | Villager (Male) |
| 6:15 | Create | Villager (Male) |
| 6:41 | Build | Farm |
| 7:08 | Build | Farm |
| 7:44 | Build | Farm |
| 8:54 | Build | House |
| 8:55 | Build | House |
| 9:21 | Build | Dock |
| 9:30 | Create | Villager (Male) |
| 9:31 | Create | Villager (Male) |
| 9:31 | Create | Villager (Male) |
| 9:31 | Create | Villager (Male) |
| 9:40 | Create | Villager (Male) |
| 9:40 | Create | Villager (Male) |
| 10:08 | Build | House |
| 10:12 | Build | House |
| 10:25 | Build | Farm |
| 11:08 | Research | Feudal Age |
| 11:15 | Build | House |
| 11:20 | Create | Fishing Ship |
| 11:20 | Create | Fishing Ship |
| 11:25 | Build | House |
| 12:32 | Build | Mining Camp |
| 12:37 | Create | Villager (Male) |
| 12:37 | Create | Villager (Male) |
| 12:38 | Create | Villager (Male) |
| 12:38 | Create | Villager (Male) |
| 12:38 | Create | Villager (Male) |
| 12:38 | Create | Villager (Male) |
| 12:39 | Create | Villager (Male) |
| 12:39 | Create | Villager (Male) |
| 12:39 | Create | Villager (Male) |
| 12:46 | Create | Fishing Ship |
| 12:47 | Create | Fishing Ship |
| 12:47 | Create | Fishing Ship |
| 12:47 | Create | Fishing Ship |
| 13:21 | Build | Mining Camp |
| 14:10 | Age | Feudal Age |
| 14:14 | Create | Villager (Male) |
| 14:14 | Create | Villager (Male) |
| 14:14 | Create | Villager (Male) |
| 14:15 | Create | Villager (Male) |
| 14:15 | Create | Villager (Male) |
| 14:23 | Build | Farm |
| 14:40 | Build | Farm |
| 15:05 | Build | Farm |
| 15:13 | Build | Farm |
| 15:18 | Research | Double-Bit Axe |
| 15:20 | Research | Horse Collar |
| 15:33 | Build | Farm |
| 15:46 | Create | Villager (Male) |
| 15:46 | Create | Villager (Male) |
| 16:20 | Build | Blacksmith |
| 17:22 | Build | Farm |
| 17:38 | Build | Market |
| 17:52 | Create | Villager (Male) |
| 17:53 | Create | Villager (Male) |
| 17:53 | Create | Villager (Male) |
| 17:53 | Create | Villager (Male) |
| 17:53 | Create | Villager (Male) |
| 17:54 | Create | Villager (Male) |
| 17:54 | Create | Villager (Male) |
| 18:10 | Create | Demolition Raft |
| 18:11 | Create | Unit 2626 |
| 18:11 | Create | Unit 2626 |
| 18:12 | Create | Unit 2626 |
| 18:12 | Create | Unit 2626 |
| 18:58 | Build | Watch Tower |
| 19:19 | Create | Unit 2626 |
| 19:19 | Create | Unit 2626 |
| 19:19 | Create | Unit 2626 |
| 19:20 | Create | Unit 2626 |
| 19:26 | Create | Villager (Male) |
| 19:27 | Create | Villager (Male) |
| 19:27 | Create | Villager (Male) |
| 19:48 | Build | Watch Tower |
| 20:21 | Create | Demolition Raft |
| 20:22 | Create | Demolition Raft |
| 21:03 | Build | Stable |
| 21:35 | Build | Watch Tower |
| 22:04 | Build | Farm |
| 22:20 | Build | Farm |
| 22:39 | Build | Mining Camp |
| 22:58 | Build | Watch Tower |
| 23:32 | Build | Stable |
| 23:46 | Research | Loom |
| 23:59 | Build | Archery Range |
| 24:18 | Create | Fire Galley |
| 24:18 | Create | Fire Galley |
| 24:18 | Create | Fire Galley |
| 24:26 | Build | House |
| 24:30 | Build | House |
| 24:47 | Build | Stable |
| 25:12 | Build | Dock |
| 25:28 | Build | Dock |
| 26:00 | Create | Fire Galley |
| 26:00 | Create | Fire Galley |
| 26:01 | Create | Fire Galley |
| 26:01 | Create | Fire Galley |
| 26:01 | Create | Fire Galley |
| 26:01 | Create | Fire Galley |
| 26:37 | Build | Mining Camp |
| 26:55 | Build | Watch Tower |
| 27:01 | Create | Fire Galley |
| 27:01 | Create | Fire Galley |
| 27:01 | Create | Fire Galley |
| 27:01 | Create | Fire Galley |
| 27:18 | Build | Farm |
| 29:01 | Build | Stable |
| 29:31 | Create | Transport Ship |
| 29:58 | Build | Barracks |
| 30:16 | Build | Watch Tower |
| 30:23 | Create | Fire Galley |
| 30:23 | Create | Fire Galley |
| 30:24 | Create | Fire Galley |
| 30:24 | Create | Fire Galley |
| 30:37 | Research | Castle Age |
| 30:52 | Build | Watch Tower |
| 31:31 | Build | Stable |
| 32:00 | Research | Man-at-Arms (upgrade) |
| 32:06 | Build | Barracks |
| 33:16 | Build | Stable |
| 33:17 | Age | Castle Age |
| 33:26 | Research | Scale Mail Armor |
| 33:27 | Research | Scale Barding Armor |
| 33:28 | Research | Padded Archer Armor |
| 33:35 | Build | House |
Build order — mehmet.eroztoprak
First 150 of 168 actions detected
| 0:13 | Create | Villager (Male) |
| 0:13 | Create | Villager (Male) |
| 0:13 | Create | Villager (Male) |
| 0:14 | Create | Villager (Male) |
| 1:36 | Build | Mill |
| 1:50 | Create | Villager (Male) |
| 1:50 | Create | Villager (Male) |
| 1:51 | Create | Villager (Male) |
| 2:39 | Create | Villager (Male) |
| 2:39 | Create | Villager (Male) |
| 3:01 | Create | Villager (Male) |
| 3:01 | Create | Villager (Male) |
| 3:27 | Create | Villager (Male) |
| 3:27 | Create | Villager (Male) |
| 3:27 | Create | Villager (Male) |
| 3:59 | Create | Villager (Male) |
| 3:59 | Create | Villager (Male) |
| 4:17 | Create | Villager (Male) |
| 4:17 | Create | Villager (Male) |
| 4:35 | Create | Villager (Male) |
| 5:12 | Create | Villager (Male) |
| 5:12 | Create | Villager (Male) |
| 5:12 | Create | Villager (Male) |
| 5:24 | Create | Villager (Male) |
| 5:24 | Create | Villager (Male) |
| 5:57 | Create | Villager (Male) |
| 5:58 | Create | Villager (Male) |
| 6:05 | Build | Lumber Camp |
| 6:34 | Create | Villager (Male) |
| 6:34 | Create | Villager (Male) |
| 6:34 | Create | Villager (Male) |
| 7:15 | Create | Villager (Male) |
| 7:16 | Create | Villager (Male) |
| 7:16 | Create | Villager (Male) |
| 8:02 | Research | Loom |
| 8:27 | Create | Villager (Male) |
| 8:27 | Create | Villager (Male) |
| 8:55 | Create | Villager (Male) |
| 8:56 | Create | Villager (Male) |
| 9:10 | Build | Dock |
| 9:35 | Create | Villager (Male) |
| 9:36 | Create | Villager (Male) |
| 10:17 | Create | Villager (Male) |
| 10:17 | Create | Villager (Male) |
| 10:28 | Create | Fishing Ship |
| 10:28 | Create | Fishing Ship |
| 10:36 | Build | Dock |
| 11:20 | Create | Villager (Male) |
| 11:20 | Create | Villager (Male) |
| 11:20 | Create | Villager (Male) |
| 11:24 | Create | Fishing Ship |
| 11:24 | Create | Fishing Ship |
| 11:42 | Create | Fishing Ship |
| 11:42 | Create | Fishing Ship |
| 11:50 | Build | Dock |
| 12:09 | Build | Barracks |
| 12:20 | Create | Fishing Ship |
| 12:43 | Create | Fishing Ship |
| 12:55 | Build | Dock |
| 13:15 | Create | Villager (Male) |
| 13:19 | Create | Fishing Ship |
| 13:22 | Create | Fishing Ship |
| 13:26 | Create | Fishing Ship |
| 13:37 | Build | Mining Camp |
| 13:42 | Create | Fishing Ship |
| 13:42 | Create | Fishing Ship |
| 13:59 | Research | Feudal Age |
| 14:03 | Create | Fishing Ship |
| 14:10 | Create | Fishing Ship |
| 14:34 | Create | Fishing Ship |
| 14:37 | Create | Fishing Ship |
| 14:41 | Create | Fishing Ship |
| 14:45 | Create | Fishing Ship |
| 16:09 | Age | Feudal Age |
| 16:13 | Create | Unit 2626 ×5 |
| 16:13 | Create | Unit 2626 ×5 |
| 16:35 | Build | Stable |
| 17:37 | Build | Blacksmith |
| 18:17 | Research | Castle Age |
| 18:25 | Build | Mining Camp |
| 19:12 | Create | Fire Galley ×5 |
| 19:29 | Research | Gold Mining |
| 19:33 | Research | Double-Bit Axe |
| 19:36 | Research | Stone Mining |
| 19:40 | Research | Horse Collar |
| 20:02 | Create | Villager (Male) |
| 20:03 | Create | Villager (Male) |
| 20:57 | Age | Castle Age |
| 21:10 | Research | Padded Archer Armor |
| 21:12 | Research | Fletching |
| 21:13 | Research | Forging |
| 21:18 | Create | Villager (Male) |
| 21:18 | Create | Villager (Male) |
| 21:23 | Research | War Galley (upgrade) |
| 21:25 | Research | Tech 906 |
| 22:47 | Build | Lumber Camp |
| 23:21 | Create | Villager (Male) |
| 23:21 | Create | Villager (Male) |
| 23:21 | Create | Villager (Male) |
| 24:13 | Build | Castle |
| 24:23 | Research | Leather Archer Armor |
| 24:23 | Research | Bodkin Arrow |
| 24:24 | Research | Iron Casting |
| 24:42 | Create | Villager (Male) |
| 24:42 | Create | Villager (Male) |
| 24:43 | Create | Villager (Male) |
| 25:43 | Research | Imperial Age |
| 26:53 | Build | Town Center |
| 27:20 | Create | Tarkan |
| 27:21 | Create | Tarkan |
| 27:44 | Research | Gold Shaft Mining |
| 27:46 | Research | Heavy Plow |
| 27:58 | Research | Bow Saw |
| 28:31 | Create | Fire Galley ×5 |
| 28:53 | Age | Imperial Age |
| 29:01 | Research | Galleon (upgrade) |
| 29:02 | Create | Unit 1795 |
| 29:20 | Create | Villager (Male) |
| 29:20 | Create | Villager (Male) |
| 29:21 | Create | Villager (Male) |
| 29:21 | Create | Villager (Male) |
| 29:32 | Create | Villager (Male) |
| 29:33 | Create | Villager (Male) |
| 30:24 | Create | Unit 1795 ×4 |
| 31:10 | Build | Farm |
| 31:11 | Build | Farm |
| 31:12 | Build | Farm |
| 31:15 | Build | Farm |
| 31:16 | Build | Farm |
| 31:18 | Build | Farm |
| 31:20 | Build | Farm |
| 31:21 | Build | Farm |
| 31:22 | Build | Farm |
| 31:25 | Create | Villager (Male) |
| 31:26 | Create | Villager (Male) |
| 32:40 | Research | Bracer |
| 32:56 | Build | Town Center |
| 33:05 | Research | Blast Furnace |
| 33:57 | Create | Unit 2626 ×5 |
| 35:34 | Create | Villager (Male) |
| 35:34 | Create | Villager (Male) |
| 35:34 | Create | Villager (Male) |
| 35:34 | Create | Villager (Male) |
| 36:57 | Create | Unit 1795 ×5 |
| 36:57 | Create | Unit 1795 ×5 |
| 37:11 | Research | Tech 2 |
| 37:34 | Create | Transport Ship |
| 37:40 | Create | Villager (Male) |
| 37:40 | Create | Villager (Male) |
| 37:40 | Create | Villager (Male) |
Build order — alihereira1995
129 actions detected in the replay
| 0:16 | Build | Mill |
| 1:08 | Build | Mining Camp |
| 2:01 | Create | Villager (Male) |
| 2:01 | Create | Villager (Male) |
| 2:02 | Create | Villager (Male) |
| 2:02 | Create | Villager (Male) |
| 2:02 | Create | Villager (Male) |
| 5:34 | Build | House |
| 5:37 | Build | House |
| 5:39 | Build | House |
| 5:46 | Build | House |
| 7:22 | Create | Villager (Male) |
| 7:22 | Create | Villager (Male) |
| 7:22 | Create | Villager (Male) |
| 7:22 | Create | Villager (Male) |
| 7:23 | Create | Villager (Male) |
| 7:56 | Build | House |
| 9:23 | Build | Lumber Camp |
| 9:59 | Create | Villager (Male) |
| 10:00 | Create | Villager (Male) |
| 10:00 | Create | Villager (Male) |
| 10:53 | Create | Villager (Male) |
| 10:53 | Create | Villager (Male) |
| 11:37 | Research | Loom |
| 12:14 | Create | Villager (Male) |
| 12:14 | Create | Villager (Male) |
| 12:14 | Create | Villager (Male) |
| 12:15 | Create | Villager (Male) |
| 12:23 | Create | Villager (Male) |
| 15:48 | Research | Feudal Age |
| 17:58 | Age | Feudal Age |
| 18:08 | Create | Villager (Male) |
| 18:09 | Create | Villager (Male) |
| 18:09 | Create | Villager (Male) |
| 18:09 | Create | Villager (Male) |
| 18:10 | Create | Villager (Male) |
| 18:10 | Create | Villager (Male) |
| 18:15 | Create | Villager (Male) |
| 18:15 | Create | Villager (Male) |
| 18:34 | Build | Farm |
| 18:41 | Build | Farm |
| 18:48 | Build | Farm |
| 19:07 | Build | Dock |
| 19:28 | Build | Farm |
| 19:32 | Build | Farm |
| 19:35 | Build | Farm |
| 19:41 | Build | Farm |
| 19:50 | Build | Farm |
| 20:24 | Build | Mining Camp |
| 20:43 | Build | Barracks |
| 20:56 | Build | Blacksmith |
| 21:02 | Create | Fishing Ship |
| 21:03 | Create | Fishing Ship |
| 21:03 | Create | Fishing Ship |
| 21:03 | Create | Fishing Ship |
| 21:28 | Research | Double-Bit Axe |
| 21:42 | Build | Farm |
| 22:15 | Research | Wheelbarrow |
| 22:21 | Research | Horse Collar |
| 23:18 | Build | Lumber Camp |
| 23:51 | Create | Villager (Male) |
| 23:51 | Create | Villager (Male) |
| 23:52 | Create | Villager (Male) |
| 23:52 | Create | Villager (Male) |
| 23:52 | Create | Villager (Male) |
| 23:52 | Create | Villager (Male) |
| 23:53 | Create | Villager (Male) |
| 23:53 | Create | Villager (Male) |
| 23:53 | Create | Villager (Male) |
| 23:54 | Create | Villager (Male) |
| 26:26 | Build | Farm |
| 26:59 | Build | House |
| 27:02 | Build | House |
| 27:04 | Build | House |
| 27:05 | Build | House |
| 27:07 | Build | House |
| 27:11 | Build | House |
| 28:13 | Build | Archery Range |
| 28:42 | Build | Lumber Camp |
| 29:32 | Build | Dock |
| 29:38 | Build | Dock |
| 29:54 | Research | Castle Age |
| 30:18 | Build | Farm |
| 30:26 | Build | House |
| 30:28 | Build | House |
| 30:31 | Build | House |
| 30:36 | Build | House |
| 30:38 | Build | House |
| 30:46 | Build | House |
| 31:48 | Build | Watch Tower |
| 32:34 | Age | Castle Age |
| 32:40 | Research | Tech 905 |
| 32:44 | Research | War Galley (upgrade) |
| 33:06 | Research | Hand Cart |
| 33:18 | Research | Heavy Plow |
| 33:20 | Research | Bow Saw |
| 33:25 | Research | Gold Mining |
| 33:32 | Research | Stone Mining |
| 33:37 | Research | Padded Archer Armor |
| 35:05 | Build | Watch Tower |
| 35:10 | Build | Watch Tower |
| 35:34 | Create | Demolition Raft |
| 35:34 | Create | Demolition Raft |
| 35:35 | Create | Demolition Raft |
| 35:35 | Create | Demolition Raft |
| 35:35 | Create | Demolition Raft |
| 35:36 | Create | Demolition Raft |
| 35:36 | Create | Demolition Raft |
| 35:36 | Create | Demolition Raft |
| 35:36 | Create | Demolition Raft |
| 35:37 | Create | Demolition Raft |
| 35:37 | Create | Demolition Raft |
| 35:37 | Create | Demolition Raft |
| 35:38 | Create | Demolition Raft |
| 35:38 | Create | Demolition Raft |
| 35:38 | Create | Demolition Raft |
| 35:38 | Create | Demolition Raft |
| 36:05 | Create | Galley |
| 36:12 | Create | Galley |
| 36:13 | Create | Galley |
| 36:13 | Create | Galley |
| 36:56 | Build | Lumber Camp |
| 37:10 | Build | Lumber Camp |
| 38:55 | Build | Castle |
| 39:51 | Build | Dock |
| 39:58 | Build | Dock |
| 40:04 | Build | Dock |
| 40:44 | Build | Dock |
| 41:20 | Build | Dock |
Match timeline
| 3:05 | abiisalazar · first_building Dock |
| 9:10 | mehmet.eroztoprak · first_building Dock |
| 9:21 | jhereira35 · first_building Dock |
| 11:35 | abiisalazar · age_up feudal |
| 12:09 | mehmet.eroztoprak · first_building Barracks |
| 14:10 | jhereira35 · age_up feudal |
| 16:09 | mehmet.eroztoprak · age_up feudal |
| 16:35 | mehmet.eroztoprak · first_building Stable |
| 17:58 | alihereira1995 · age_up feudal |
| 19:07 | alihereira1995 · first_building Dock |
| 20:43 | alihereira1995 · first_building Barracks |
| 20:57 | mehmet.eroztoprak · age_up castle |
| 21:03 | jhereira35 · first_building Stable |
| 22:40 | abiisalazar · age_up castle |
| 23:59 | jhereira35 · first_building Archery Range |
| 24:13 | mehmet.eroztoprak · first_building Castle |
| 28:13 | alihereira1995 · first_building Archery Range |
| 28:53 | mehmet.eroztoprak · age_up imperial |
| 29:56 | abiisalazar · first_building Castle |
| 29:58 | jhereira35 · first_building Barracks |
| 32:34 | alihereira1995 · age_up castle |
| 33:17 | jhereira35 · age_up castle |
| 37:25 | jhereira35 · first_building Castle |
| 38:55 | alihereira1995 · first_building Castle |
| 42:04 | jhereira35 · resign |
[ AI ANALYSIS · 1 CREDIT ]
What really happened in this match?
Wolo.gg analyzes every decision: build order, eco, micro, common mistakes by bracket. Personalized analysis on WhatsApp or Discord in 30 seconds.
Civ guide
Persians
Perfil
Jugador #21135113